 Dungeon Crawl Stone Soup version 0.29.1 (webtiles) character file.

Game seed: 10264764621172608736

113 funkygono the Firebug (level 4, -4/24 HPs)
             Began as a Gargoyle Fire Elementalist on Sept 13, 2022.
             Slain by Ijyb
             ... wielding a +4 club
              (5 damage)
             ... on level 4 of the Dungeon.
             The game lasted 00:04:13 (3255 turns).

funkygono the Firebug (Gargoyle Fire Elementalist)  Turns: 3255, Time: 00:04:13

Health: -4/24      AC:  6    Str: 11    XL:     4   Next: 96%
Magic:  1/8        EV: 12    Int: 18    God:
Gold:   165        SH:  0    Dex: 10    Spells: 3/9 levels left

rFire   . . .      SeeInvis .   o - +0 mace
rCold   . . .      Faith    .   (no shield)
rNeg    + . .      Spirit   .   a - +0 robe
rPois   ∞          Reflect  .   (no helmet)
rElec   +          Harm     .   r - +0 cloak
rCorr   .          Rampage  .   (no gloves)
Will    .....                   (no boots)
Stlth   ++........              (no amulet)
HPRegen 0.08/turn               (no ring)
MPRegen 0.11/turn               (no ring)

@: no status effects
A: sickness immunity, AC +3, negative energy resistance 1, electricity
resistance, torment resistance 1, petrification resistance
a: no special abilities


You were on level 4 of the Dungeon.
You visited 1 branch of the dungeon, and saw 4 of its levels.

You collected 165 gold pieces.

Inventory:

Hand Weapons
 f - a +0 whip
 o - a +0 mace (weapon)
Armour
 a - a +0 robe (worn)
 r - a +0 cloak (worn)
Wands
 j - a wand of flame (14)
 q - a wand of charming (9)
Scrolls
 d - 6 scrolls of identify {unknown}
 e - a scroll of torment {unknown}
 g - a scroll of silence {unknown}
 h - 3 scrolls of blinking {unknown}
 i - a scroll of immolation {unknown}
 k - a scroll of teleportation {unknown}
 l - a scroll of noise {unknown}
 m - 2 scrolls of magic mapping {unknown}
 n - a scroll of amnesia {unknown}
Potions
 b - a potion of magic
 c - 2 potions of heal wounds {unknown}
 p - a potion of degeneration {unknown}


   Skills:
 + Level 0.8 Fighting
 + Level 0.2 Maces & Flails
 + Level 1.8 Dodging
 - Level 2.1 Stealth
 + Level 3.0 Spellcasting
 + Level 2.4 Conjurations
 + Level 3.9 Fire Magic


You had 3 spell levels left.
You knew the following spells:

 Your Spells              Type           Power      Damage    Failure   Level
a - Foxfire               Conj/Fire      56%        2x1d6     4%          1
b - Scorch                Fire           34%        2d7       4%          2
c - Conjure Flame         Conj/Fire      14%        6-21      13%         3

Your spell library contained the following spells:

 Spells                   Type           Power      Damage    Failure   Level
 Shock                    Conj/Air       28%        1d4       10%         1
 Sting                    Tmut/Pois      8%         1d3       16%         1
 Inner Flame              Hex/Fire       9%         N/A       22%         3
 Poisonous Vapours        Pois/Air       4%         N/A       24%         2
 Swiftness                Air            2%         N/A       43%         3
 Flame Wave               Conj/Fire      14%        2d6       41%         4
 Airstrike                Air            1%         2d(1-17)  85%         4
 Olgreb's Toxic Radiance  Pois           2%         N/A       85%         4


Dungeon Overview and Level Annotations

Branches:
Dungeon (4/15)             Temple (0/1) D:4

Altars:
Ashenzari

Annotations:
D:4 Ijyb


Innate Abilities, Weirdness & Mutations

You are immune to sickness and miasma.
Your stone body is resilient. (AC +3)
You are immune to poison.
You resist negative energy. (rN+)
You are resistant to electric shocks. (rElec)
You are resistant to unholy torment.
You are immune to petrification.


Message History

You conjure some foxfire!
An endoplasm comes into view.
Unknown command.
Casting: Foxfire (safe; 4% risk of failure)
Confirm with . or Enter, or press ? or * to list all spells.
Flames lash Ijyb.
Ijyb is lightly wounded.
Ijyb's fire resistance burns away.
Your foxfire dissipates!
The foxfire hits Ijyb but does no damage.
Ijyb is lightly wounded.
The foxfire hits Ijyb.
Ijyb is burned terribly!
Ijyb is moderately wounded.
The foxfire hits Ijyb but does no damage.
Ijyb is moderately wounded.
Casting: Scorch (safe; 4% risk of failure)
Confirm with . or Enter, or press ? or * to list all spells.
Flames lash Ijyb.
Ijyb is burned terribly!
Ijyb is severely wounded.
Your foxfire dissipates!
Ijyb hits you with a +4 club.
Unknown command.
Casting: Scorch (safe; 4% risk of failure)
Confirm with . or Enter, or press ? or * to list all spells.
You don't have enough magic to cast this spell.
Unknown command.
You barely miss Ijyb.
Ijyb is severely wounded.
Ijyb zaps a wand.
The puff of flame hits you.
Ijyb zaps a wand.
The puff of flame hits you.
Your magical contamination has completely faded away.
You hit Ijyb but do no damage.
Ijyb is severely wounded.
Ijyb zaps a wand.
The puff of flame hits you!
* * * LOW HITPOINT WARNING * * *
Ijyb closely misses you. Ijyb attacks as you move away! Ijyb barely misses you.
Unknown command.
Ijyb attacks as you move away! Ijyb hits you with a +4 club.
You die...

#.# ##.# ###... #...#
##.# #### > .....# #..#
.. ..#..## #..# ... #.
#..####..####
..#.##..##.......##
..##...##...........#
.......#..........)...>
#..g@..............
#..J.................
.....#####.............
...# ##..........## ..
##.......### .
#.......# ....#...# .#


You could see Ijyb (fast, combustible) and an endoplasm.

Vanquished Creatures
  4 adders
  2 dart slugs (D:3)
  5 orcs
  3 ball pythons
  6 bats
  4 endoplasms
  5 giant cockroaches
  6 goblins
  5 hobgoblins
  8 jackals
  A quokka (D:1)
  3 frilled lizards
  5 kobolds
  3 rats
60 creatures vanquished.

Vanquished Creatures (others)
  144 foxfires
144 creatures vanquished.

Grand Total: 204 creatures vanquished

Notes
Turn   | Place    | Note
-------+----------+-------------------------------------------
     0 | D:1      | funkygono the Gargoyle Fire Elementalist began the quest
                  | for the Orb.
     0 | D:1      | Reached XP level 1. HP: 10/10 MP: 3/3
   405 | D:1      | Reached XP level 2. HP: 15/15 MP: 3/5
   408 | D:1      | Learned a level 2 spell: Scorch
  1088 | D:2      | Reached XP level 3. HP: 19/19 MP: 2/6
  1104 | D:2      | Learned a level 3 spell: Conjure Flame
  1716 | D:3      | Found a broken altar of Ashenzari.
  1756 | D:3      | Reached XP level 4. HP: 20/24 MP: 4/7
  3245 | D:4      | Found a staircase to the Ecumenical Temple.
  3245 | D:4      | Noticed Ijyb
  3253 | D:4      | HP: 1/24 [Ijyb/puff of flame (11)]
  3255 | D:4      | Slain by Ijyb

Illustrated notes

Levels and vault maps discovered:
D:1:      sevenhm_arrival_forest_fort_large_2, layout_basic
D:2:      layout_rooms, minmay_misc_feat_square, kennysheep_generic_room_11
D:3:      layout_basic, lemuel_doored_altar, item_on_display_a
D:4:      layout_layer_cave, nicolae_overflow_two_pavilions,
          minmay_temple_entry_mini_moons, uniq_ijyb, uniq_menkaure

Skill      XL: |  1  2  3  4 |
---------------+-------------+-----
Conjurations   | 2 |  2.4
Spellcasting   | 3 |  3.0
Fighting       | |  0.8
Maces & Flails | |  0.2
Dodging        | |  1.8
Stealth        | |  2.1
Fire Magic     | |  3.9

Action                   |  1- 3 |  4- 6 || total
-------------------------+-------+-------++-------
Melee: Club              |    12 |       ||    12
       Mace              |    21 |    41 ||    62
       Punch             |       |     1 ||     1
 Cast: Foxfire           |    50 |    31 ||    81
       Scorch            |       |    11 ||    11
Armor: Robe              |    11 |    17 ||    28
Dodge: Dodged            |    35 |    54 ||    89
